 Dungeon Sprint DCSS version 0.17-a0-2231-gd80ca38 (webtiles) character file.

1153 Kidiri the Covert (level 8, -1/42 HPs)
             Began as a Spriggan Enchanter on Oct 29, 2015.
             Was a Priest of Dithmenos.
             Slain by a hill giant
             ... wielding a +0 giant club
              (28 damage)
             ... in the Dungeon (Sprint III: "The Ten Rune Challenge").
             The game lasted 00:06:37 (1008 turns).

Kidiri the Covert (Spriggan Enchanter)              Turns: 1008, Time: 00:06:37

Health: -1/42      AC:  3    Str:  4    XL:     8   Next: 16%
Magic:  2/21       EV: 26    Int: 17    God:    Dithmenos [***...]
Gold:   27         SH:  0    Dex: 18    Spells: 7 memorised, 2 levels left

rFire  . . .     SeeInvis +     l - +0 short sword
rCold  . . .     Clarity  .     b - +1 robe
rNeg   . . .     SustAt   .     (shield restricted)
rPois  .         Gourm    .     (helmet restricted)
rElec  .         Spirit   .     (no cloak)
rCorr  .         Warding  .     (gloves unavailable)
rMut   .         NoTele   +     (boots unavailable)
MR     +....                    (no amulet)
Stlth  ++++++++..               (no ring)
                                (no ring)

@: wreathed by umbra, very quick, somewhat resistant to hostile enchantments,
extraordinarily stealthy
A: unfitting armour, claws 1, see invisible, herbivore 3, speed 3, slow
metabolism 2
a: Shadow Step, Renounce Religion


You were in the Dungeon.
You worshipped Dithmenos.
Dithmenos was most pleased with you.
You were not hungry.

You visited 1 branch You collected 27 gold pieces.

Inventory:

Hand Weapons
 l - a +0 short sword (weapon)
Armour
 b - a +1 robe (worn)
Wands
 a - a wand of digging (13)
Scrolls
 j - a scroll of blinking
 n - a scroll of identify
 o - 3 scrolls of remove curse
Potions
 e - a potion of curing
 f - 2 potions of heal wounds
 g - a potion of haste
 h - 2 potions of magic
 i - 2 potions of berserk rage
 k - 2 potions of might
 q - 3 potions of cure mutation
 r - 4 potions of flight
Comestibles
 d - a bread ration
 p - 2 royal jellies


   Skills:
 + Level 3.7 Fighting
 * Level 7.6 Short Blades
 + Level 3.4 Armour
 * Level 10.2 Dodging
 * Level 11.3 Stealth
 * Level 8.8 Spellcasting
 + Level 3.1 Conjurations
 + Level 6.9 Hexes
 + Level 3.9 Ice Magic
 + Level 1.6 Air Magic
 + Level 2.3 Poison Magic
 + Level 2.7 Invocations


You had 2 spell levels left.
You knew the following spells:

 Your Spells              Type           Power        Failure   Level  Hunger
a - Corona                Hex            ####...      1%          1    None
b - Ensorcelled Hibernat  Hex/Ice        ####..       1%          2    None
c - Confuse               Hex            ####....     1%          3    #......
d - Tukima's Dance        Hex            ####....     1%          3    #......
e - Dazzling Spray        Conj/Hex       ###.....     4%          3    #......
f - Olgreb's Toxic Radia  Pois           ###.....     38%         4    ###....
g - Poisonous Cloud       Conj/Pois/Air  ###.......   100%        6    ######.


Dungeon Overview and Level Annotations

Branches:
Dungeon (1/1)

Altars:
Cheibriados
Dithmenos
Elyvilon
Fedhas
Gozag
Kikubaaqudgha
Makhleb
Nemelex Xobeh
Okawaru
Qazlal
Ru
Sif Muna
Trog
Vehumet
Xom
Yredelemnul
Zin
The Shining One
Jiyva
Lugonu


Innate Abilities, Weirdness & Mutations

You are tiny and cannot use many weapons and most armour.
You have supernaturally acute eyesight.
You are a herbivore.
You cover ground extremely quickly.
You need consume almost no food.
You have sharp fingernails.


Message History

You hit the hill giant but do no damage.
The hill giant is severely wounded.
You hit the hill giant.
The hill giant is almost dead.
The hill giant barely misses you.
You hit the hill giant.
The hill giant is almost dead.
You hit the hill giant but do no damage.
The hill giant is almost dead.
The hill giant completely misses you.
You hit the hill giant but do no damage.
The hill giant is almost dead.
The hill giant completely misses you.
You hit the hill giant but do no damage.
The hill giant is almost dead.
You barely miss the hill giant.
The hill giant is almost dead.
The hill giant hits you with a giant club!!
Ouch! That really hurt!
You die...

__[#__# ..:#[_#
+###%## ......#
......# #####'#
__#...#+##############
__#...#..).#.#.#C....#
__#...##.#%%#.##@#
__#...'##.#)#.##.#
_.+...#.).#..#..##
▓▓▓▓▓▓▓▓▓▓▓▓▓▓▓▓▓


You could see a hill giant.

Vanquished Creatures
  A deep elf priest (D)
  A shadow (D)
  A spatial vortex (D)
  A necrophage (D)
  A two-headed ogre (D)
  A water elemental (D)
  A jelly (D)
  Jessica (D)
  A necromancer (D)
  A wizard (D)
  A wolf (D)
  A kobold demonologist (D)
  3 humans (D)
  2 oozes (D)
  A rat (D)
18 creatures vanquished.

Vanquished Creatures (collateral kills)
  2 two-headed ogres (D)
2 creatures vanquished.

Vanquished Creatures (others)
  2 draconian scorchers (D)
  2 yaktaurs (D)
  2 fire drakes (D)
  3 plants (D)
9 creatures vanquished.

Grand Total: 29 creatures vanquished

Notes
Turn   | Place    | Note
--------------------------------------------------------------
     0 | D        | Kidiri the Spriggan Enchanter began the quest for the Orb.
     0 | D        | Reached XP level 1. HP: 9/9 MP: 5/5
    24 | D        | Reached XP level 2. HP: 3/14 MP: 3/7
    31 | D        | Learned a level 2 spell: Ensorcelled Hibernation
    74 | D        | Killed a yaktaur
   171 | D        | Killed a white draconian scorcher
   185 | D        | Killed a white draconian scorcher
   289 | D        | Noticed Jessica
   292 | D        | Killed Jessica
   292 | D        | Reached skill level 1 in Fighting
   292 | D        | Reached skill level 1 in Armour
   292 | D        | Reached skill level 5 in Stealth
   292 | D        | Reached skill level 1 in Ice Magic
   292 | D        | Reached XP level 3. HP: 18/18 MP: 7/9
   306 | D        | Learned a level 3 spell: Confuse
   310 | D        | Learned a level 3 spell: Tukima's Dance
   322 | D        | Noticed a wolf
   333 | D        | Killed a wolf
   333 | D        | Reached skill level 5 in Dodging
   333 | D        | Reached skill level 6 in Stealth
   433 | D        | Reached skill level 5 in Spellcasting
   433 | D        | Reached XP level 4. HP: 22/22 MP: 7/12
   438 | D        | Learned a level 3 spell: Dazzling Spray
   464 | D        | Gained mutation: Your spells are a little easier to cast, but a little less powerful. [potion of mutation]
   464 | D        | Gained mutation: You can breathe flames. [potion of mutation]
   464 | D        | Lost mutation: Your spells are a little easier to cast, but a little less powerful. [potion of mutation]
   465 | D        | Gained mutation: You have sharp fingernails. [potion of mutation]
   465 | D        | Gained mutation: You are frail (-10% HP). [potion of mutation]
   466 | D        | Lost mutation: You are frail (-10% HP). [potion of cure mutation]
   466 | D        | Lost mutation: You can breathe flames. [potion of cure mutation]
   499 | D        | Killed a yaktaur
   529 | D        | Noticed a water elemental
   532 | D        | Killed a water elemental
   532 | D        | Reached skill level 7 in Stealth
   532 | D        | Reached XP level 5. HP: 24/26 MP: 14/14
   562 | D        | Noticed a jelly
   563 | D        | Noticed a shadow
   565 | D        | Killed a shadow
   565 | D        | Reached skill level 5 in Short Blades
   565 | D        | Reached skill level 9 in Stealth
   565 | D        | Reached skill level 1 in Conjurations
   565 | D        | Reached skill level 5 in Hexes
   565 | D        | Reached XP level 6. HP: 30/32 MP: 14/16
   567 | D        | Killed a jelly
   602 | D        | Found a stormy altar of Qazlal.
   603 | D        | Found a sacrificial altar of Ru.
   603 | D        | Found a burning altar of Makhleb.
   603 | D        | Found a viscous altar of Jiyva.
   603 | D        | Found a shimmering altar of Xom.
   603 | D        | Found a shadowy altar of Dithmenos.
   603 | D        | Found a sparkling altar of Nemelex Xobeh.
   603 | D        | Found a corrupted altar of Lugonu.
   603 | D        | Found an opulent altar of Gozag.
   603 | D        | Noticed a spatial vortex
   607 | D        | Became a worshipper of Dithmenos the Shadowed
   617 | D        | Killed a spatial vortex
   617 | D        | Reached skill level 1 in Invocations
   627 | D        | Killed a fire drake
   738 | D        | Found a radiant altar of Vehumet.
   739 | D        | Found a deep blue altar of Sif Muna.
   739 | D        | Found an ancient bone altar of Kikubaaqudgha.
   739 | D        | Noticed a wizard
   740 | D        | Killed a wizard
   742 | D        | Reached * piety under Dithmenos
   753 | D        | Learned a level 4 spell: Olgreb's Toxic Radiance
   763 | D        | Found a glowing silver altar of Zin.
   764 | D        | Found a glowing golden altar of the Shining One.
   764 | D        | Found a white marble altar of Elyvilon.
   764 | D        | Noticed a deep elf priest
   773 | D        | Killed a deep elf priest
   773 | D        | Reached skill level 10 in Stealth
   773 | D        | Reached skill level 1 in Poison Magic
   773 | D        | Reached XP level 7. HP: 36/36 MP: 9/19
   842 | D        | Learned a level 6 spell: Poisonous Cloud
   842 | D        | Found an iron altar of Okawaru.
   843 | D        | Found a bloodstained altar of Trog.
   843 | D        | Noticed a human
   843 | D        | Noticed a human
   845 | D        | Killed a human
   846 | D        | Killed a human
   846 | D        | Reached ** piety under Dithmenos
   846 | D        | Reached skill level 1 in Air Magic
   869 | D        | Found a snail-covered altar of Cheibriados.
   869 | D        | Noticed a necrophage
   871 | D        | Noticed a necromancer
   875 | D        | Killed a necromancer
   876 | D        | Found a basalt altar of Yredelemnul.
   876 | D        | Found a blossoming altar of Fedhas.
   880 | D        | Killed a necrophage
   880 | D        | Reached skill level 10 in Dodging
   880 | D        | Reached skill level 11 in Stealth
   880 | D        | Reached XP level 8. HP: 33/41 MP: 11/21
   919 | D        | Killed a fire drake
   947 | D        | Noticed a two-headed ogre
   947 | D        | Noticed a two-headed ogre
   954 | D        | Killed a two-headed ogre
   956 | D        | Noticed a two-headed ogre
   962 | D        | Killed a two-headed ogre
   962 | D        | Reached *** piety under Dithmenos
   979 | D        | Killed a two-headed ogre
   993 | D        | Noticed a hill giant
  1008 | D        | Slain by a hill giant

Vault maps used:
D:        dungeon_sprint_mu

Action                   |  1- 3 |  4- 6 |  7- 9 || total
-------------------------+-------+-------+-------++-------
Melee: Dagger            |    20 |    11 |     2 ||    33
       Short sword       |       |       |    33 ||    33
 Cast: Corona            |     3 |       |     3 ||     6
       Ensorcelled Hiber |     5 |     2 |     3 ||    10
       Dazzling Spray    |       |     7 |       ||     7
       Tukima's Dance    |       |     1 |     7 ||     8
       Confuse           |       |       |     2 ||     2
  Use: Potion            |       |     3 |       ||     3
       Scroll            |       |     2 |       ||     2
 Stab: Sleeping          |     4 |     5 |     3 ||    12
       Confused          |       |       |     2 ||     2
